 Dungeon Crawl Stone Soup version 0.29-a0-885-gb26ba3297d (webtiles) character file.

Game seed: 6820287788344191291

490 Hubris850 the Sneak (level 7, -5/55 HPs)
             Began as a Naga Ice Elementalist on July 20, 2022.
             Slain by a gnoll
             ... wielding a +0 spear
             ... led by a gnoll sergeant
              (8 damage)
             ... on level 5 of the Dungeon.
             The game lasted 00:15:37 (5704 turns).

Hubris850 the Sneak (Naga Ice Elementalist)         Turns: 5704, Time: 00:15:37

Health: -5/55      AC:  4    Str: 10    XL:     7   Next: 14%
Magic:  12/22      EV:  9    Int: 17    God:
Gold:   149        SH:  0    Dex: 12    Spells: 7/14 levels left

rFire   . . .      SeeInvis +   i - +5 mace
rCold   . . .      Faith    .   (no shield)
rNeg    . . .      Spirit   .   r - +0 leather armour
rPois   +          Reflect  .   (no helmet)
rElec   .          Harm     .   t - +0 cloak
rCorr   .          Rampage  .   (no gloves)
Will    .....                   (no barding)
Stlth   +++.......              (no amulet)
HPRegen 0.18/turn               s - ring of magical power
MPRegen 0.18/turn               (no ring)

@: short of breath, freezing walls, very slightly contaminated, very slow
A: AC +2, large, see invisible, deformed body, poison resistance, slowness 2,
spit poison 1, naga tail 1
a: Spit Poison


You were on level 5 of the Dungeon.
You visited 1 branch of the dungeon, and saw 5 of its levels.

You collected 149 gold pieces.

Inventory:

Hand Weapons
 c - a +0 mace
 h - a +0 long sword
 i - a +5 mace (weapon)
Missiles
 f - 10 poisoned darts
 m - 3 atropa-tipped darts
Armour
 a - a +0 robe
 q - a scarf of repulsion
 r - a +0 leather armour (worn)
 t - a +0 cloak (worn)
Magical Staves
 n - a staff of poison
Jewellery
 s - a ring of magical power (left hand)
Wands
 u - a wand of acid (8)
Scrolls
 e - a scroll of butterflies
 l - a scroll of enchant weapon
 w - a scroll of poison
 x - a scroll of enchant armour {unknown}
Potions
 b - a potion of magic
 d - 2 potions of curing
 g - 5 potions of heal wounds
 j - a potion of mutation {unknown}
 k - a potion of degeneration {unknown}
 o - a potion of might {unknown}
 p - 2 potions of ambrosia {unknown}
 v - a potion of brilliance {unknown}
 z - a potion of berserk rage {unknown}


   Skills:
 - Level 2.2 Dodging
 - Level 5.2 Stealth
 + Level 4.0 Spellcasting
 + Level 2.4 Conjurations
 - Level 4.8 Ice Magic
 + Level 2.3 Air Magic
 - Level 2.0 Poison Magic


You had 7 spell levels left.
You knew the following spells:

 Your Spells              Type           Power      Damage    Failure   Level
a - Freeze                Ice            76%        1d9       3%          1
b - Frozen Ramparts       Ice            38%        1d5       9%          3
c - Mephitic Cloud        Conj/Pois/Air  11%        N/A       26%         3

Your spell library contained the following spells:

 Spells                   Type           Power      Damage    Failure   Level
 Ozocubu's Armour         Ice            19%        N/A       9%          3
 Ignite Poison            Fire/Tmut/Pois 5%         N/A       43%         3
 Hailstorm                Conj/Ice       15%        3d5       43%         4
 Portal Projectile        Hex/Tloc       6%         N/A       54%         3
 Tukima's Dance           Hex            3%         N/A       54%         3
 Freezing Cloud           Conj/Ice/Air   7%         6-21      85%         5
 Blade Hands              Tmut           1%         N/A       99%         5


Dungeon Overview and Level Annotations

Branches:
Dungeon (5/15)
 Temple: D:4-7

Altars:
Qazlal
Ru

Annotations:
D:3 2 transporters, iguanaiguana's ghost, amateur FoHu
D:4 2 transporters, gobodom's ghost, amateur DsNe


Innate Abilities, Weirdness & Mutations

Your serpentine skin is tough. (AC +2)
You have supernaturally acute eyesight. (SInv)
Armour fits poorly on your strangely shaped body.
Your system is resistant to poisons. (rPois)
You cover ground very slowly.
You can spit poison.
You have a snake-like lower body.


Message History

You hit the gnoll sergeant.
The gnoll sergeant is almost dead.
The frozen ramparts melt away.
You hear a shout! x3
The gnoll sergeant hits you with a +0 trident!
Casting: Frozen Ramparts (dangerous; 9% risk of failure)
Confirm with . or Enter, or press ? or * to list all spells.
Casting: Frozen Ramparts (dangerous; 9% risk of failure)
Press: ? - help, Dir - look around, f - activate You miscast Frozen Ramparts.
You are very lightly contaminated with residual magic.
Nothing appears to happen.
The gnoll hits you but does no damage.
The gnoll sergeant hits you with a +0 trident!
Unknown command.
Casting: Frozen Ramparts (dangerous; 9% risk of failure)
Confirm with . or Enter, or press ? or * to list all spells.
Casting: Frozen Ramparts (dangerous; 9% risk of failure)
Press: ? - help, Dir - look around, f - activate The walls around you are covered in ice.
The wall freezes the gnoll.
The gnoll hits you from afar with a +1 spear of freezing!
* * * LOW HITPOINT WARNING * * *
The gnoll freezes you.
* * * LOW HITPOINT WARNING * * *
The wall freezes the gnoll.
The wall freezes the gnoll sergeant.
You kill the gnoll sergeant!
Your Spellcasting skill increases to level 4!
You have reached level 7!
Aiming: Spit Poison (1% risk of failure)
Press: ? - help, Shift-Dir - straight line, f - scorpion
Aim: a scorpion (59% to hit)
The splash of poison hits the scorpion but does no damage.
The wall freezes the scorpion.
The wall freezes the gnoll.
The gnoll hits you from afar with a +1 spear of freezing.
* * * LOW HITPOINT WARNING * * *
The gnoll freezes you.
* * * LOW HITPOINT WARNING * * *
The wall freezes the gnoll.
The gnoll hits you from afar with a +0 spear!
You die...

######### #....<..#
g #.......####### ..
#.......)g....###...
#......@#.......<...
#######..gg.......#
##s.......!.#
#..........#
##...........
#..........#
#..........#
###.####.#.# ... ..
#


You could see a scorpion and 3 gnolls.

Vanquished Creatures
  A gnoll sergeant (D:5)
  2 orc priests (D:4)
  Natasha (twice) (D:2)
  2 orc wizards (D:4)
  5 gnolls
  7 adders
  2 ufetubi
  2 worms
  7 dart slugs
  11 orcs
  8 ball pythons
  9 endoplasms
  9 giant cockroaches
  8 goblins
  7 hobgoblins
  14 jackals
  9 kobolds
  4 quokkas
  6 bats
  4 frilled lizards
  6 rats
125 creatures vanquished.

Notes
Turn   | Place    | Note
-------+----------+-------------------------------------------
     0 | D:1      | Hubris850 the Naga Ice Elementalist began the quest for the
                  | Orb.
     0 | D:1      | Reached XP level 1. HP: 15/15 MP: 3/3
   455 | D:1      | Reached XP level 2. HP: 22/22 MP: 5/5
  1063 | D:1      | Reached XP level 3. HP: 23/28 MP: 6/6
  1067 | D:1      | Learned a level 3 spell: Frozen Ramparts
  1343 | D:1      | Reached skill level 4 in Stealth
  1858 | D:2      | Reached XP level 4. HP: 28/36 MP: 7/7
  1868 | D:2      | Found a stormy altar of Qazlal.
  2370 | D:2      | Noticed Natasha
  2390 | D:2      | Killed Natasha
  2390 | D:2      | Noticed Natasha
  2391 | D:2      | Reached skill level 5 in Stealth
  2391 | D:2      | Reached XP level 5. HP: 42/42 MP: 9/9
  2400 | D:2      | Killed Natasha
  2594 | D:2      | Learned a level 3 spell: Mephitic Cloud
  2787 | D:3      | Found a transporter.
  2920 | D:3      | Found a transporter.
  2930 | D:3      | Noticed iguanaiguana's ghost (amateur FoHu)
  2960 | D:3      | Reached skill level 1 in Poison Magic
  3153 | D:3      | Found a faded altar of an unknown god.
  3161 | D:3      | Reached XP level 6. HP: 36/49 MP: 10/10
  3323 | D:3      | Reached skill level 1 in Conjurations
  3323 | D:3      | Reached skill level 1 in Air Magic
  3649 | D:3      | Found a sacrificial altar of Ru.
  4532 | D:5      | Entered Level 5 of the Dungeon
  4539 | D:5      | Noticed an ice beast
  4828 | D:4      | Found a transporter.
  4828 | D:4      | Noticed gobodom's ghost (amateur DsNe)
  4829 | D:4      | Found a transporter.
  4841 | D:4      | Noticed a hornet
  5704 | D:5      | Reached XP level 7. HP: 10/55 MP: 12/13
  5704 | D:5      | Slain by a gnoll

Illustrated notes

Levels and vault maps discovered:
D:1:      wander_arrival_desolate, layout_loops_ring
D:2:      layout_basic, basic_altar, uniq_natasha
D:3:      layout_loops_ring, mainiacjoe_overflow_alcove_4,
          hellmonk_ecumenical_altar_run_dry, gammafunk_ghost_stat_death,
          minmay_cupped
D:4:      layout_basic, gammafunk_ghost_arena, hex_tiny, hangedman_decor_points
D:5:      gammafunk_wand_slinger, layout_rooms, overflow_temple_1_default,
          minmay_temple_entry_grid, chequers_avenue

Skill      XL: |  1  2  3  4  5  6 |
---------------+-------------------+-----
Dodging        | 2 |  2.2
Stealth        | 4 5 |  5.2
Spellcasting   | 3 4 |  4.0
Poison Magic   | 1 2 |  2.0
Conjurations   | 2 |  2.4
Air Magic      | 2 |  2.3
Ice Magic      | |  4.8

Action                   |  1- 3 |  4- 6 |  7- 9 || total
-------------------------+-------+-------+-------++-------
Melee: Mace              |    63 |   167 |       ||   230
       Long sword        |     7 |       |       ||     7
       Punch             |       |     2 |       ||     2
Throw: Dart              |       |     7 |       ||     7
 Cast: Freeze            |    11 |       |       ||    11
       Frozen Ramparts   |       |     9 |       ||     9
 Abil: Spit Poison       |     9 |    17 |     1 ||    27
  Use: Scroll            |       |     7 |       ||     7
 Stab: Sleeping          |     9 |     8 |       ||    17
Armor: Robe              |     8 |     8 |       ||    16
       Leather armour    |       |    36 |       ||    36
Dodge: Dodged            |    36 |    82 |       ||   118

Table legend: (Time is in decaauts)
 A = Elapsed time spent in this place.
 B = Non-inter-level travel time spent in this place.
 C = Inter-level travel time spent in this place.
 D = Time resting spent in this place.
 E = Time spent auto-exploring this place.
 F = Levels seen in this place.
 G = Mean time per level.
                   A        B        C        D        E       F      G
               +--------+--------+--------+--------+--------+-----+--------+
         Total |   6799 |   6589 |    210 |    897 |   4407 |   5 | 1359.8 |
       Dungeon |   6799 |   6589 |    210 |    897 |   4407 |   5 | 1359.8 |
               +--------+--------+--------+--------+--------+-----+--------+

Top non-repeatable levels by time:
     D:3: 2087 daAuts
     D:1: 1986 daAuts
     D:4: 1583 daAuts
     D:2: 1101 daAuts
     D:5: 40 daAuts
